 Dungeon Crawl Stone Soup version 0.28-a0-563-gf77a47075d (webtiles) character file.

Game seed: 16695509034044117345

184 Shayle the Skirmisher (level 5, 0/55 HPs)
             Began as an Ogre Warper on Sept 29, 2021.
             Slain by a gnoll (3 damage)
             ... on level 3 of the Dungeon.
             The game lasted 00:13:39 (4091 turns).

Shayle the Skirmisher (Ogre Warper)                 Turns: 4091, Time: 00:13:39

Health: 0/55       AC:  4    Str: 13 (15) XL:     5   Next: 64%
Magic:  8/8        EV:  9    Int: 14 (15) God:
Gold:   187        SH:  0    Dex:  5 (8)  Spells: 3/8 levels left

rFire   . . .      SeeInvis .   a - +0 spear
rCold   . . .      Faith    .   (no shield)
rNeg    . . .      Spirit   .   b - +1 robe
rPois   .          Reflect  .   (helmet restricted)
rElec   .          Harm     .   (no cloak)
rCorr   .          Rampage  .   (gloves unavailable)
Will    .....                   (boots unavailable)
Stlth   +.........              (no amulet)
HPRegen 0.18/turn               (no ring)
MPRegen 0.11/turn               (no ring)

@: confused, attractive, flying, hasted, very quick
A: large, unfitting armour, tough skin 1
a: no special abilities


You were on level 3 of the Dungeon.
You visited 1 branch of the dungeon, and saw 3 of its levels.

You collected 187 gold pieces.

Inventory:

Hand Weapons
 a - a +0 spear (weapon)
Missiles
 d - 2 boomerangs of dispersal (quivered)
 i - 6 boomerangs
Armour
 b - a +1 robe (worn)
Scrolls
 c - 2 scrolls of blinking
 j - a scroll of amnesia
Potions
 k - a potion of lignification


   Skills:
 + Level 4.3 Fighting
 * Level 4.2 Polearms
 - Level 1.0 Throwing
 + Level 3.1 Dodging
 - Level 2.4 Spellcasting
 - Level 2.6 Translocations


You had 3 spell levels left.
You knew the following spells:

 Your Spells              Type           Power      Damage    Failure   Level
a - Blink                 Tloc           N/A        N/A       12%         2
b - Teleport Other        Tloc           9%         N/A       22%         3

Your spell library contained the following spells:

 Spells                   Type           Power      Damage    Failure   Level
 Gell's Gravitas          Tloc           4%         N/A       22%         3
 Lesser Beckoning         Tloc           9%         N/A       22%         3
 Conjure Flame            Conj/Fire      1%         6-21      56%         3
 Ignite Poison            Fire/Tmut/Pois 1%         N/A       56%         3
 Manifold Assault         Tloc           9%         N/A       91%         5
 Sticky Flame             Conj/Fire      1%         2d3       92%         4


Dungeon Overview and Level Annotations

Branches:
Dungeon (3/15)

Altars:
Okawaru


Innate Abilities, Weirdness & Mutations

You are too large for most types of armour.
You have tough skin. (AC +1)


Message History

You barely miss the orc wizard.
The orc wizard is moderately wounded.
The orc wizard casts a spell at you.
You are confused.
You bump into the rock wall.
The orc wizard barely misses you.
Okay, then.
You bump into the rock wall.
The orc wizard gestures at you while chanting.
The puff of flame hits you.
The gnoll hits you from afar with a +0 halberd.
You bump into the rock wall.
The orc wizard barely misses you. The gnoll barely misses you.
You bump into the rock wall.
The orc wizard barely misses you. The gnoll barely misses you.
You bump into the rock wall.
You feel less confused. The orc wizard closely misses you.
The gnoll hits you from afar with a +0 halberd!
* * * LOW HITPOINT WARNING * * *
It was a potion of flight.
You feel very buoyant.
You fly up into the air.
The orc wizard barely misses you. The gnoll misses you.
It was a potion of degeneration.
There was something very wrong with that liquid.
You feel weakened.
You feel dopey.
You feel clumsy.
The orc wizard hits you with a +0 dagger.
* * * LOW HITPOINT WARNING * * *
The gnoll hits you from afar with a +0 halberd!
* * * LOW HITPOINT WARNING * * *
It was a potion of haste.
You feel yourself speed up.
The orc wizard gestures at you while chanting.
You are confused.
The gnoll hits you from afar with a +0 halberd.
* * * LOW HITPOINT WARNING * * *
It was a potion of attraction.
You feel attractive to monsters. The orc wizard closely misses you.
The gnoll hits you from afar with a +0 halberd.
You die...

#.###.###'#.#....#..##..##......
... #.......#..o...##....##.##.#
#### #.......###....##....##g....
...###.........+...)#......#.####
....##..<...####....#......#.# #
.....#.......# #.............# #
..)..#.......# #............## #
.....#.......######.#.......# #
....##..........@og.#.......# #
...###.....#.########.......# #
#### #................##'##.# #
...###.....#.###########.##.# #
....###....#..............#.# #
.....#####.##........###..#.# #
.....# ...##........# #..#.# #
.....# ##'##........# #..#.# #
....## #............# #..#.# #


You could see an orc wizard and a gnoll.

Vanquished Creatures
  An orc priest (D:2)
  5 gnolls
  4 adders
  2 worms (D:2)
  A dart slug (D:1)
  3 orcs (D:3)
  4 bats
  6 endoplasms
  A giant cockroach (D:2)
  5 goblins
  2 hobgoblins
  4 jackals
  A quokka (D:3)
  8 ball pythons
  2 frilled lizards (D:1)
  6 kobolds
  12 rats
67 creatures vanquished.

Notes
Turn   | Place    | Note
-------+----------+-------------------------------------------
     0 | D:1      | Shayle the Ogre Warper began the quest for the Orb.
     0 | D:1      | Reached XP level 1. HP: 22/22 MP: 3/3
   241 | D:1      | Reached XP level 2. HP: 5/29 MP: 5/5
  1148 | D:2      | Reached XP level 3. HP: 36/37 MP: 6/6
  1151 | D:2      | Learned a level 2 spell: Blink
  1155 | D:2      | Learned a level 3 spell: Teleport Other
  2182 | D:2      | Reached XP level 4. HP: 35/46 MP: 7/7
  2941 | D:3      | Upgraded the game from 0.28-a0-556-gab23d0e057 to
                  | 0.28-a0-563-gf77a47075d
  3300 | D:3      | Reached XP level 5. HP: 36/54 MP: 8/8
  3495 | D:3      | Found an iron altar of Okawaru.
  4091 | D:3      | Slain by a gnoll

Illustrated notes

Levels and vault maps discovered:
D:1:      elethiomel_arrival_diamonds, layout_rooms
D:2:      layout_loops_cross, minmay_between
D:3:      kennysheep_six_static_rooms, layout_basic,
          mainiacjoe_overflow_tiny_flanked, minmay_misc_feat_x

Skill      XL: |  1  2  3  4  5 |
---------------+----------------+-----
Fighting       | 3 4 |  4.3
Polearms       | 3 4 |  4.2
Dodging        | 3 |  3.1
Throwing       | |  1.0
Spellcasting   | |  2.4
Translocations | |  2.6

Action                   |  1- 3 |  4- 6 || total
-------------------------+-------+-------++-------
Melee: Spear             |   170 |   175 ||   345
Throw: Boomerang         |       |     3 ||     3
 Cast: Teleport Other    |     1 |       ||     1
  Use: Scroll            |       |     6 ||     6
       Potion            |       |     5 ||     5
 Stab: Sleeping          |     1 |       ||     1
Armor: Robe              |    49 |    36 ||    85
       Skin              |       |    26 ||    26
Dodge: Dodged            |    68 |    89 ||   157

Table legend: (Time is in decaauts)
 A = Elapsed time spent in this place.
 B = Non-inter-level travel time spent in this place.
 C = Inter-level travel time spent in this place.
 D = Time resting spent in this place.
 E = Time spent auto-exploring this place.
 F = Levels seen in this place.
 G = Mean time per level.
                   A        B        C        D        E       F      G
               +--------+--------+--------+--------+--------+-----+--------+
         Total |   4073 |   3997 |     76 |    855 |   2264 |   3 | 1357.7 |
       Dungeon |   4073 |   3997 |     76 |    855 |   2264 |   3 | 1357.7 |
               +--------+--------+--------+--------+--------+-----+--------+

Top non-repeatable levels by time:
     D:2: 1582 daAuts
     D:1: 1400 daAuts
     D:3: 1090 daAuts
